AoeStats
← Edward

Arena

508673402Analyzed
4v4 RM · 9d ago on Sep 23, 2026· 100m 44s· 8 players
Game mode
Random Map
Map size
Large (8 player)
Population
200
Speed
Normal
Resources
Standard
Victory
Conquest
Starting age
Dark Age
Ending age
Imperial Age
RankedLock teamsTeams togetherTeam positionsShared explorationLock speedFull tech treeHidden civsTurbo modeCheats
Victory
Defeat
🇹🇼 Wei · Taiwan
704
+15
🇹🇼 Chinese · Taiwan
687
+16
🇫🇷 Malay · France
606
+19
🇹🇼 Japanese · Taiwan
550
+22
🇹🇷 Franks · Türkiye
695
-19
🇳🇱 Khmer · Netherlands
693
-19
🇮🇳 Britons · India
651
-17
🇮🇳 Mongols · India
650
-17
ankitsahoo7815
7:38 Loom
10:58 Feudal Age
13:28 Wheelbarrow
16:33 Horse Collar
16:55 Double-Bit Axe
22:44 Castle Age
20:53 Gold Mining
24:02 Bow Saw
27:05 Heavy Plow
28:17 Hand Cart
28:29 Stone Mining
31:52 Ballistics
31:29 Murder Holes
31:46 Forging
31:37 Scale Mail Armor
31:43 Scale Barding Armor
31:29 Fletching
31:40 Padded Archer Armor
34:27 Yeomen
34:48 Iron Casting
35:05 Bodkin Arrow
35:07 Town Watch
39:42 Imperial Age
39:03 Chain Mail Armor
39:04 Leather Archer Armor
39:09 Chain Barding Armor
39:52 Elite Longbowman
43:13 Blast Furnace
42:44 Plate Mail Armor
42:15 Bracer
42:45 Ring Archer Armor
42:26 Husbandry
43:54 Chemistry
42:55 Cavalier
49:43 Warwolf
49:53 Warwolf
63:02 Caravan
FullestOx956066
11:27 Feudal Age
12:35 Double-Bit Axe
14:03 Arson
15:10 Scale Mail Armor
15:24 Forging
16:29 Man-at-Arms
22:03 Wheelbarrow
24:35 Gold Mining
24:37 Stone Mining
24:30 Horse Collar
29:22 Castle Age
27:57 Scale Barding Armor
29:56 Fletching
30:45 Bow Saw
31:12 Gold Shaft Mining
31:13 Stone Shaft Mining
30:29 Long Swordsman
31:29 Pikeman
32:41 Husbandry
33:14 Squires
35:25 Chain Barding Armor
35:07 Padded Archer Armor
35:55 Heavy Plow
36:29 Coinage
38:03 Hand Cart
38:15 Chain Mail Armor
38:38 Iron Casting
38:20 Leather Archer Armor
37:56 Arson
44:53 Imperial Age
44:59 Imperial Age
44:20 Fortified Wall
46:09 Elite Mangudai
48:43 Onager
Gordon93
2:42 Loom
12:26 Feudal Age
15:02 Horse Collar
15:13 Double-Bit Axe
25:01 Gold Mining
25:07 Stone Mining
27:47 Castle Age
31:09 Imperial Age
32:24 Caravan
33:50 Conscription
35:52 Bow Saw
37:14 Gold Shaft Mining
37:10 Fortified Wall
36:52 Heated Shot
39:35 Chemistry
39:10 Tusk Swords
40:06 Stone Shaft Mining
39:59 Elite Ballista Elephant
40:50 Scale Barding Armor
40:38 Fletching
41:23 Ballistics
41:00 Murder Holes
42:55 Double Crossbow
43:21 Chain Barding Armor
44:21 Hoardings
45:48 Plate Barding Armor
46:41 Forging
46:29 Bodkin Arrow
47:43 Wheelbarrow
48:19 Iron Casting
52:30 Hand Cart
60:19 Blast Furnace
59:20 Bracer
66:04 Pikeman
cmblqn
4:32 Loom
12:55 Feudal Age
14:57 Wheelbarrow
14:07 Town Watch
18:31 Castle Age
16:29 Double-Bit Axe
17:58 Gold Mining
18:11 Stone Mining
19:31 Bow Saw
22:33 Hand Cart
24:03 Gold Shaft Mining
26:14 Husbandry
26:41 Fletching
31:43 Imperial Age
31:37 Forging
31:32 Scale Barding Armor
31:23 Bodkin Arrow
31:25 Treadmill Crane
32:14 Cavalier
34:12 Caravan
34:42 Coinage
34:34 Chain Barding Armor
34:51 Iron Casting
34:30 Paladin
37:00 Banking
37:53 Chemistry
37:13 Ballistics
38:06 Chivalry
39:03 Masonry
40:34 Blast Furnace
40:11 Plate Barding Armor
39:37 Padded Archer Armor
45:10 Leather Archer Armor
45:35 Murder Holes
68:16 Onager
handsomeshow
0:28 Loom
12:37 Feudal Age
17:58 Castle Age
16:47 Double-Bit Axe
17:13 Horse Collar
21:25 Gold Mining
24:28 Treadmill Crane
25:17 Fervor
26:45 Gold Shaft Mining
28:04 Stone Mining
31:33 Imperial Age
29:54 Fortified Wall
30:04 Gambesons
30:20 Squires
31:10 Masonry
31:50 Pikeman
33:39 Chemistry
33:22 Heavy Plow
35:05 Wheelbarrow
33:53 Halberdier
35:38 Bow Saw
35:22 Fletching
36:20 Hand Cart
36:48 Caravan
37:13 Murder Holes
37:04 Arrowslits
38:08 Conscription
38:03 Bodkin Arrow
38:30 Ballistics
37:58 Elite Samurai
39:28 Sanctity
39:12 Bracer
41:08 Two-Man Saw
40:54 Town Watch
44:08 Scale Mail Armor
44:17 Siege Engineers
45:06 Chain Mail Armor
46:46 Guard Tower
46:50 Elite Skirmisher
49:57 Husbandry
50:08 Bloodlines
49:34 Light Cavalry
52:12 Padded Archer Armor
53:55 Leather Archer Armor
55:09 Ring Archer Armor
55:42 Plate Mail Armor
56:57 Kataparuto
58:00 Forging
61:08 Arson
77:42 Iron Casting
Splujer
0:35 Loom
13:08 Feudal Age
12:54 Double-Bit Axe
13:37 Horse Collar
14:59 Wheelbarrow
14:10 Town Watch
15:10 Gold Mining
24:51 Castle Age
22:55 Stone Mining
24:56 Heavy Plow
25:28 Caravan
26:01 Coinage
28:33 Sanctity
28:22 Treadmill Crane
29:03 Ballistics
28:39 Murder Holes
28:57 Town Patrol
32:55 Imperial Age
30:17 Pikeman
30:51 Fletching
31:45 Hand Cart
32:57 Masonry
33:49 Chemistry
33:58 Crop Rotation
34:09 Conscription
34:07 Bow Saw
34:25 Guilds
35:15 Gold Shaft Mining
35:08 Forging
35:05 Scale Barding Armor
36:37 Banking
36:29 Husbandry
37:09 Iron Casting
36:59 Guard Tower
38:03 Stone Shaft Mining
38:30 Forced Levy
39:43 Blast Furnace
38:39 Bodkin Arrow
40:17 Elite Karambit Warrior
40:43 Man-at-Arms
41:24 Squires
41:11 Arson
41:41 Long Swordsman
43:41 Elite Battle Elephant
44:52 Siege Engineers
45:24 Keep
46:28 Bracer
46:29 Padded Archer Armor
45:53 Elite Skirmisher
46:39 Thumb Ring
48:05 Leather Archer Armor
52:15 Onager
54:02 Capped Ram
63:27 Ring Archer Armor
62:25 Halberdier
65:19 Block Printing
74:50 Illumination
73:59 Two-Handed Swordsman
Edward
9:19 Feudal Age
9:47 Horse Collar
9:57 Double-Bit Axe
10:53 Horse Collar
17:38 Castle Age
17:30 Gold Mining
17:31 Stone Mining
22:05 Heavy Plow
24:22 Pikeman
25:02 Squires
30:34 Imperial Age
29:13 Husbandry
29:24 Bloodlines
29:51 Padded Archer Armor
29:44 Fletching
30:53 Bow Saw
31:52 Wheelbarrow
31:42 Tuntian
32:09 Ballistics
32:37 Conscription
33:23 Murder Holes
34:06 Gold Shaft Mining
34:44 Parthian Tactics
35:18 Caravan
38:25 Crop Rotation
38:14 Hand Cart
39:23 Chemistry
38:43 Leather Archer Armor
38:24 Bodkin Arrow
38:38 Scale Barding Armor
38:45 Forging
39:33 Elite Tiger Cavalry
40:23 Treadmill Crane
40:50 Bracer
41:25 Ring Archer Armor
41:49 Ming Guang Armor
44:56 Fervor
45:35 Iron Casting
45:22 Chain Barding Armor
45:22 Halberdier
58:48 Blast Furnace
57:24 Onager
59:36 Elite Skirmisher
75:04 Heavy Hei Guang Cavalry
83:14 Thumb Ring
98:26 Hoardings
victor29392389
12:25 Feudal Age
14:06 Wheelbarrow
17:06 Double-Bit Axe
25:21 Castle Age
26:45 Gold Mining
26:50 Stone Mining
29:48 Hand Cart
29:38 Caravan
32:00 Masonry
32:47 Bow Saw
32:22 Horse Collar
39:02 Imperial Age
37:23 Padded Archer Armor
37:14 Fletching
39:11 Stone Shaft Mining
40:26 Conscription
41:31 Chemistry
40:54 Ballistics
41:50 Leather Archer Armor
41:33 Bodkin Arrow
41:45 Heavy Plow
44:38 Two-Man Saw
44:42 Town Watch
45:46 Elite Chu Ko Nu
49:47 Ring Archer Armor
49:18 Bracer
61:24 Gold Shaft Mining
64:49 Rocketry
75:56 Squires
82:42 Pikeman
84:18 Scale Barding Armor
84:20 Scale Mail Armor
88:45 Forging
100:02 Elite Fire Lancer
Connection lost

Rejoining the realm…

Still unreachable

The connection could not be restored.

Session expired

The server has moved on; the page needs a fresh start.